 Dungeon Crawl Stone Soup version 0.31-a0-564-g3b7de120b3 (webtiles) character file.

Game seed: 16055980350524007568

765 IdlyInterested the Changeling (level 7, -3/48 HPs)
             Began as a Demonspawn Shapeshifter on Aug 17, 2023.
             Slain by a gnoll
             ... wielding a +0 halberd
             ... led by a gnoll bouda
              (6 damage)
             ... on level 5 of the Dungeon.
             The game lasted 00:12:55 (3598 turns).

IdlyInterested the Changeling (DsSh)                Turns: 3598, Time: 00:12:55

Health: -3/48      AC:  6    Str: 17    XL:     7   Next: 52%
Magic:  16/16      EV:  3    Int: 10    God:
Gold:   185        SH:  7    Dex: 13    Spells: 6/6 levels left

rFire   . .          .
                       - Unarmed
rCold   . . .        n - +0 kite shield
rNeg    . . .        w - +0 plate armour
rPois   .            (helmet currently unavailable)
rElec   .            (cloak currently unavailable)
rCorr   .            (gloves currently unavailable)
SInv    .            h - melded +0 pair of boots
Will    +....        (no amulet) Stlth
                     f - ring of willpower
HPRegen 0.28/turn    l - ring of magical power
MPRegen 0.30/turn

%: no passive effects
@: beast-form, weakened, corroded
A: beast (slay +3), horns 2, powered by pain 1, magic regeneration
a: Begin Untransformation


You were on level 5 of the Dungeon.
You were a hulking beast.
You visited 1 branch of the dungeon, and saw 5 of its levels.

You collected 185 gold pieces.

Inventory:

Hand Weapons
 j - a +1 dagger
Missiles
 a - 14 poisoned darts
 g - 21 stones (quivered)
Armour
 h - a +0 pair of boots (melded)
 n - a +0 kite shield (worn)
 w - a +0 plate armour (worn)
Magical Staves
 e - a staff of cold
Jewellery
 f - a ring of willpower (left hand)
 l - a ring of magical power (right hand)
 p - a ring of fire
 q - a ring of fire
 x - a ring of resist corrosion
Talismans
 c - a beast talisman (active)
 d - a flux talisman
Wands
 b - a wand of polymorph (6)
Scrolls
 i - a scroll of fog
 m - 2 scrolls of teleportation
 s - a scroll of identify
 t - a scroll of amnesia
 u - a scroll of blinking
 y - a scroll of revelation
Potions
 k - 3 potions of enlightenment
 o - 2 potions of attraction


   Skills:
 + Level 1.5 Fighting
 - Level 1.0 Throwing
 - Level 2.0 Dodging
 - Level 1.0 Stealth
 - Level 1.0 Shields
 + Level 4.8 Unarmed Combat
 - Level 1.0 Evocations
 * Level 5.5 Shapeshifting


You had 6 spell levels left.
You didn't know any spells.
Your spell library contained the following spells:

 Spells                   Type           Power      Damage    Failure   Level
 Magic Dart               Conj           0%         1d3       100%        1
 Call Imp                 Summ           0%         N/A       100%        2
 Lesser Beckoning         Tloc           0%         N/A       100%        2
 Gell's Gravitas          Tloc           0%         N/A       100%        3
 Inner Flame              Hex/Fire       0%         N/A       100%        3
 Mephitic Cloud           Conj/Pois/Air  0%         N/A       100%        3
 Teleport Other           Tloc           0%         N/A       100%        3
 Flame Wave               Conj/Fire      0%         2d4       100%        4
 Sticky Flame             Conj/Fire      0%         2d3       100%        4


Dungeon Overview and Level Annotations

Branches:
Dungeon (5/15)
 Temple: D:4-7

Altars:
Dithmenos
Hepliaklqana
Qazlal
Uskayaw

Shops:
D:5 (


Innate Abilities, Weirdness & Mutations

You are a hulking beast.
Your limbs bulge with bestial killing power. (Slay +3)
You have a pair of horns on your head.
You sometimes gain a little power by taking damage.
You regenerate magic rapidly.


Message History

The gnoll is healed somewhat.
You're too confused to move!
The orc priest barely misses you.
The gnoll bouda gazes fiercely through you!
You feel as though you will be weak longer.
The orc priest attacks as you move away!
The orc priest hits you but does no damage.
The jelly attacks as you move away! The jelly hits you but does no damage.
You feel less invigorated.
You feel less confused. The gnoll completely misses you.
The jelly jiggles.
You hit the jelly.
Your hands burn!
You headbutt the jelly.
The jelly is heavily wounded.
You block the gnoll's attack. The gnoll barely misses you.
The jelly hits you but does no damage.
You hit the jelly.
Your hands burn!
You headbutt the jelly.
The jelly is heavily wounded.
You block the gnoll's attack.
The gnoll hits you from afar with a +0 halberd.
The jelly hits you.
You are splashed with acid.
* * * LOW HITPOINT WARNING * * *
You hit the jelly. The acid corrodes you!
Your hands burn!
* * * LOW HITPOINT WARNING * * *
The jelly is almost dead.
The gnoll is no longer moving quickly.
The gnoll hits you from afar with a +0 halberd.
* * * LOW HITPOINT WARNING * * *
The jelly hits you but does no damage.
You hit the jelly.
You kill the jelly!
You block the gnoll's attack.
The orc priest looks braver for a moment.
The gnoll bouda hits you with a +0 whip!
* * * LOW HITPOINT WARNING * * *
Unknown command.
You hit the orc.
The orc is moderately wounded.
The gnoll is no longer moving quickly.
The gnoll hits you from afar with a +0 halberd.
You die...

.... ..... ..... ### ......
#.. ...... ######### ##.#
......######.......## ###..#
.........ooh........###)..##
####.)†..gg.........#..####
#>)..g.........#.>......
#..............#...#####
########.......#...#
#.......#...# #.......#####
#.......# #.......#


You could see a gnoll bouda, an orc priest, 2 gnolls and an orc.

Vanquished Creatures
  Sigmund (D:2)
  The ghost of Ofeo the Trooper, an amateur DrHs (D:3)
  An ogre (D:4)
  2 scorpions
  A howler monkey (D:5)
  A hound (D:4)
  A jelly (D:5)
  5 gnolls
  7 adders
  A shadow imp (D:5)
  3 dart slugs
  2 adder simulacra (D:3)
  An orc (D:3)
  6 bats
  7 endoplasms
  3 giant cockroaches
  3 goblins
  4 hobgoblins
  3 jackals (D:2)
  8 kobolds
  2 quokkas
  7 ball pythons
  A ball python simulacrum (D:3)
  3 frilled lizards
  A jackal simulacrum (D:3)
  5 rats
80 creatures vanquished.

Notes
Turn   | Place    | Note
-------+----------+-------------------------------------------
     0 | D:1      | IdlyInterested the Demonspawn Shapeshifter began the quest
                  | for the Orb.
     0 | D:1      | Reached XP level 1. HP: 15/15 MP: 1/1
   134 | D:1      | Gained mutation: You regenerate magic rapidly. [demonic
                  | ancestry]
   134 | D:1      | Reached XP level 2. HP: 21/21 MP: 2/2
   161 | D:1      | Reached skill level 3 in Shapeshifting
   331 | D:1      | Found a faded altar of an unknown god.
   604 | D:2      | Gained mutation: You sometimes gain a little power by
                  | taking damage. [demonic ancestry]
   604 | D:2      | Reached XP level 3. HP: 22/26 MP: 3/3
  1199 | D:2      | Noticed Sigmund
  1210 | D:2      | HP: 1/39 [something (2)]
  1212 | D:2      | Killed Sigmund
  1213 | D:2      | Reached skill level 1 in Evocations
  1213 | D:2      | Reached skill level 4 in Shapeshifting
  1213 | D:2      | Gained mutation: You have a pair of small horns on your
                  | head. [demonic ancestry]
  1213 | D:2      | Reached XP level 4. HP: 2/32 MP: 4/4
  1213 | D:2      | Reached XP level 5. HP: 2/37 MP: 5/5
  1655 | D:3      | Found a runed translucent gate.
  1657 | D:3      | Found a runed translucent gate.
  1658 | D:3      | Found a runed translucent gate.
  1729 | D:3      | Found a shadowy altar of Dithmenos.
  1829 | D:3      | Found a stormy altar of Qazlal.
  1834 | D:3      | Found a hazy altar of Hepliaklqana.
  1840 | D:3      | Found a hide-covered altar of Uskayaw.
  1912 | D:3      | Noticed Ofeo's ghost (amateur DrHs)
  2200 | D:3      | Killed Ofeo's ghost
  2201 | D:3      | Reached skill level 1 in Stealth
  2201 | D:3      | Gained mutation: You have a pair of horns on your head.
                  | [demonic ancestry]
  2201 | D:3      | Reached XP level 6. HP: 21/43 MP: 6/6
  2519 | D:4      | Reached skill level 1 in Shields
  2519 | D:4      | Reached skill level 5 in Shapeshifting
  2695 | D:4      | Reached XP level 7. HP: 12/48 MP: 7/7
  3307 | D:5      | Entered Level 5 of the Dungeon
  3307 | D:5      | Found Bahukk's Weapon Shop.
  3326 | D:5      | Reached skill level 1 in Throwing
  3598 | D:5      | Slain by a gnoll

Illustrated notes

Levels and vault maps discovered:
D:1:      ebering_hopf_link, layout_rooms, shapermc_ecumenical_altar_flowoftime,
          serial_bayou_pond_a
D:2:      layout_basic, uniq_sigmund
D:3:      layout_basic, grunt_temple_overflow_cloverleaf, elyvilon_altar_5,
          gammafunk_ghost_icy
D:4:      layout_basic
D:5:      layout_basic, serial_shops, nicolae_stop_n_shop_1,
          uniq_crazy_yiuf_cottage

Skill      XL: |  1  2  3  4  5  6  7 |
---------------+----------------------+-----
Dodging        | 2 |  2.0
Shapeshifting  | 3 4 5 |  5.5
Unarmed Combat | 3 4 |  4.8
Evocations     | 1 |  1.0
Stealth        | 1 |  1.0
Shields        | 1 |  1.0
Throwing       | 1 |  1.0
Fighting       | |  1.5

Action                     |  1- 3 |  4- 6 |  7- 9 || total
---------------------------+-------+-------+-------++-------
  Melee: Unarmed           |   128 |    79 |    41 ||   248
         Punch             |     3 |       |       ||     3
         Headbutt          |       |    12 |     9 ||    21
  Throw: Stone             |    10 |     9 |     1 ||    20
    Use: Potion            |     4 |       |     2 ||     6
         Scroll            |     3 |     3 |     2 ||     8
 Armour: Ring mail         |    41 |    19 |       ||    60
         Skin              |     4 |       |       ||     4
         Plate armour      |       |       |    24 ||    24
  Dodge: Dodged            |    59 |    21 |    11 ||    91
  Block: Kite shield       |       |    27 |    23 ||    50
         Form:             |       |       |     1 ||     1
         Beast             |       |       |     1 ||     1

Table legend: (Time is in decaauts)
 A = Elapsed time spent in this place.
 B = Non-inter-level travel time spent in this place.
 C = Inter-level travel time spent in this place.
 D = Time resting spent in this place.
 E = Time spent auto-exploring this place.
 F = Levels seen in this place.
 G = Mean time per level.
                   A        B        C        D        E       F      G
               +--------+--------+--------+--------+--------+-----+--------+
         Total |   3629 |   3143 |    486 |    392 |   1869 |   5 |  725.8 |
       Dungeon |   3629 |   3143 |    486 |    392 |   1869 |   5 |  725.8 |
               +--------+--------+--------+--------+--------+-----+--------+

Top non-repeatable levels by time:
     D:2: 992 daAuts
     D:4: 901 daAuts
     D:3: 894 daAuts
     D:1: 606 daAuts
     D:5: 236 daAuts
